MLB
NEW YORK METS @ BALTIMORE ORIOLES
07/23/2044
 
TOP OF THE 1ST
New York Mets batting - Pitching for Baltimore Orioles : LHP Randy Johnson Jr.
Pitching: LHP Randy Johnson Jr.
Batting: SHB Scott Scott 0-0: Foul Ball, location: 2F
0-1: Foul Ball, location: 2F
0-2: Ball
1-2: Ground out 5-3 (Groundball, 56, EV 85.6 MPH)
Batting: SHB Nelle van den Berg 0-0: Fly out, F4 (Line Drive, 4, EV 69.4 MPH)
Batting: SHB Sean Cook 0-0: Called Strike
0-1: Ball
1-1: Ball
2-1: Foul Ball, location: 2F
2-2: Ground out 4-3 (Groundball, 4M, EV 84.4 MPH)
Top of the 1st over - 0 runs, 0 hits, 0 errors, 0 left on base; New York 0 - Baltimore 0
BOTTOM OF THE 1ST
Baltimore Orioles batting - Pitching for New York Mets : LHP Enkei Wakamatsu
Pitching: LHP Enkei Wakamatsu
Batting: RHB Andres Leon 0-0: Called Strike
0-1: Ball
1-1: Ball
2-1: Ground out 4-3 (Groundball, 4, EV 81.9 MPH)
Batting: RHB Marc Peckermark 0-0: Foul Ball, location: 2F
0-1: Foul Ball, location: 2F
0-2: Ball
1-2: SINGLE (Flyball, 7LS, EV 91.2 MPH)
Batting: LHB Brad Pepin 0-0: Called Strike
0-1: Ball
1-1: Ball
2-1: Called Strike
Marc Peckermark is caught stealing 2nd base 2-6
2-2: Ball
3-2: Foul Ball, location: 2F
3-2: Fly out, F5 (Popup, 5DF, EV 67.5 MPH)
Bottom of the 1st over - 0 runs, 1 hit, 0 errors, 0 left on base; New York 0 - Baltimore 0
TOP OF THE 2ND
New York Mets batting - Pitching for Baltimore Orioles : LHP Randy Johnson Jr.
Batting: SHB Jonathan Jenkins 0-0: Fly out, F9 (Flyball, 9, EV 83.8 MPH)
Batting: SHB Javy Rosa 0-0: Ball
1-0: Called Strike
1-1: Called Strike
1-2: Ball
2-2: Ball
3-2: Strikes out swinging
Batting: SHB Gus Berry 0-0: Called Strike
0-1: Ball
1-1: Foul Ball, location: 2F
1-2: Ball
2-2: Ball
3-2: Base on Balls
Batting: SHB Harry Hoop 0-0: Called Strike
0-1: Ball
1-1: Ball
2-1: Called Strike
2-2: Fielders Choice at 2nd, 5-4 (Groundball, 56, EV 106.9 MPH)
Top of the 2nd over - 0 runs, 0 hits, 0 errors, 1 left on base; New York 0 - Baltimore 0
BOTTOM OF THE 2ND
Baltimore Orioles batting - Pitching for New York Mets : LHP Enkei Wakamatsu
Batting: SHB Jason Hayes 0-0: Ground out 6-3 (Groundball, 6, EV 101.9 MPH)
Batting: RHB Kevin Howard 0-0: Called Strike
0-1: Ground out 6-3 (Groundball, 6S, EV 85.0 MPH)
Batting: RHB Alex Rodriguez Jr. 0-0: Called Strike
0-1: Reached via error on a dropped throw from 1B, E1 (Groundball, 34, EV 110.6 MPH)
Batting: RHB Josh Hamilton 0-0: Ball
1-0: Fielders Choice at 2nd, 5-4 (Groundball, 5, EV 99.4 MPH)
Bottom of the 2nd over - 0 runs, 0 hits, 1 error, 1 left on base; New York 0 - Baltimore 0
TOP OF THE 3RD
New York Mets batting - Pitching for Baltimore Orioles : LHP Randy Johnson Jr.
Batting: RHB Melchor Sovrivilla 0-0: Ball
1-0: Foul Ball, location: 2F
1-1: Ball
2-1: Ball
3-1: Ground out 6-3 (Groundball, 6M, EV 95.0 MPH)
Batting: SHB Kaname Fujimoto 0-0: Ball
1-0: Called Strike
1-1: Foul Ball, location: 2F
1-2: Fly out, F9 (Flyball, 9LM, EV 92.5 MPH)
Batting: SHB Scott Scott 0-0: Foul Ball, location: 2F
0-1: Called Strike
0-2: Ball
1-2: Strikes out swinging
Top of the 3rd over - 0 runs, 0 hits, 0 errors, 0 left on base; New York 0 - Baltimore 0
BOTTOM OF THE 3RD
Baltimore Orioles batting - Pitching for New York Mets : LHP Enkei Wakamatsu
Batting: LHB Bob Melley 0-0: Swinging Strike
0-1: Ball
1-1: Ground out 6-3 (Groundball, 6M, EV 85.6 MPH)
Batting: RHB Ruben Garza 0-0: Foul Ball, location: 2F
0-1: Called Strike
0-2: Foul Ball, location: 2F
0-2: Ball
1-2: Ground out 3-1 (Groundball, 34, EV 99.4 MPH)
Batting: RHB Andres Leon 0-0: Ball
1-0: DOUBLE (Flyball, 89XD, EV 104.4 MPH)
Batting: RHB Marc Peckermark 0-0: Called Strike
0-1: Foul Ball, location: 2F
0-2: Ball
1-2: Ball
2-2: Foul Ball, location: 2F
2-2: 2-RUN HOME RUN (Line Drive, 7D, EV 101.2 MPH), Distance : 381 ft
Batting: LHB Brad Pepin 0-0: Swinging Strike
0-1: Ground out 6-3 (Groundball, 6, EV 101.2 MPH)
Bottom of the 3rd over - 2 runs, 2 hits, 0 errors, 0 left on base; New York 0 - Baltimore 2
TOP OF THE 4TH
New York Mets batting - Pitching for Baltimore Orioles : LHP Randy Johnson Jr.
Batting: SHB Nelle van den Berg 0-0: Ground out 4-3 (Groundball, 4M, EV 88.1 MPH)
Batting: SHB Sean Cook 0-0: Called Strike
0-1: Ball
1-1: Foul Ball, location: 2F
1-2: Ball
2-2: Ball
3-2: Strikes out swinging
Batting: SHB Jonathan Jenkins 0-0: Ball
1-0: Called Strike
1-1: Called Strike
1-2: Fly out, F7 (Flyball, 78D, EV 85.6 MPH)
Top of the 4th over - 0 runs, 0 hits, 0 errors, 0 left on base; New York 0 - Baltimore 2
BOTTOM OF THE 4TH
Baltimore Orioles batting - Pitching for New York Mets : LHP Enkei Wakamatsu
Batting: SHB Jason Hayes 0-0: Swinging Strike
0-1: Swinging Strike
0-2: Strikes out swinging
Batting: RHB Kevin Howard 0-0: Ball
1-0: SOLO HOME RUN (Flyball, 7D, EV 95.0 MPH), Distance : 361 ft
Batting: RHB Alex Rodriguez Jr. 0-0: Ball
1-0: Called Strike
1-1: Called Strike
1-2: Ball
2-2: Strikes out swinging
Batting: RHB Josh Hamilton 0-0: Called Strike
0-1: Ball
1-1: Foul Ball, location: 2F
1-2: Ball
2-2: Foul Ball, location: 2F
2-2: Ball
3-2: Foul Ball, location: 2F
3-2: Foul Ball, location: 2F
3-2: Fly out, F7 (Flyball, 78S, EV 91.9 MPH)
Bottom of the 4th over - 1 run, 1 hit, 0 errors, 0 left on base; New York 0 - Baltimore 3
TOP OF THE 5TH
New York Mets batting - Pitching for Baltimore Orioles : LHP Randy Johnson Jr.
Batting: SHB Javy Rosa 0-0: Ball
1-0: Foul Ball, location: 2F
1-1: Foul Ball, location: 2F
1-2: Strikes out swinging
Batting: SHB Gus Berry 0-0: Called Strike
0-1: Ball
1-1: Foul Ball, location: 2F
1-2: Ball
2-2: Foul Ball, location: 2F
2-2: Ball
3-2: Fly out, F8 (Flyball, 8RS, EV 90.0 MPH)
Batting: SHB Harry Hoop 0-0: Foul Ball, location: 2F
0-1: Ball
1-1: Ball
2-1: Ball
3-1: Ground out 4-3 (Groundball, 4, EV 87.5 MPH)
Top of the 5th over - 0 runs, 0 hits, 0 errors, 0 left on base; New York 0 - Baltimore 3
BOTTOM OF THE 5TH
Baltimore Orioles batting - Pitching for New York Mets : LHP Enkei Wakamatsu
Batting: LHB Bob Melley 0-0: Called Strike
0-1: Ground out U3 (Groundball, 34, EV 90.6 MPH)
Batting: RHB Ruben Garza 0-0: Called Strike
0-1: Foul Ball, location: 2F
0-2: Ball
1-2: SINGLE (Groundball, 23, EV 76.9 MPH) (infield hit)
Batting: RHB Andres Leon 0-0: Ground out 5-3 (Groundball, 56, EV 97.5 MPH)
Ruben Garza to second
Batting: RHB Marc Peckermark 0-0: Ground out 4-3 (Groundball, 4, EV 85.6 MPH)
Bottom of the 5th over - 0 runs, 1 hit, 0 errors, 1 left on base; New York 0 - Baltimore 3
TOP OF THE 6TH
New York Mets batting - Pitching for Baltimore Orioles : LHP Randy Johnson Jr.
Batting: RHB Melchor Sovrivilla 0-0: Called Strike
0-1: Foul Ball, location: 2F
0-2: SINGLE (Flyball, 3D, EV 95.6 MPH)
Batting: SHB Kaname Fujimoto 0-0: Ball
1-0: Foul Ball, location: 2F
1-1: Swinging Strike
1-2: Fly out, F8 (Line Drive, 8LD, EV 92.5 MPH)
Batting: SHB Scott Scott 0-0: Called Strike
0-1: Ball
1-1: Called Strike
1-2: Strikes out swinging
Batting: SHB Nelle van den Berg 0-0: Ball
1-0: Foul Ball, location: 2F
1-1: Foul Ball, location: 2F
1-2: Foul Ball, location: 2F
1-2: Ball
2-2: Ball
Wild Pitch!
Melchor Sovrivilla to second
3-2: Foul Ball, location: 2F
3-2: Base on Balls
Batting: SHB Sean Cook 0-0: Foul Ball, location: 2F
0-1: Foul Ball, location: 2F
0-2: Strikes out swinging, 2-3 out at first.
Top of the 6th over - 0 runs, 1 hit, 0 errors, 2 left on base; New York 0 - Baltimore 3
BOTTOM OF THE 6TH
Baltimore Orioles batting - Pitching for New York Mets : LHP Enkei Wakamatsu
Batting: LHB Brad Pepin 0-0: Ball
1-0: Foul Ball, location: 2F
1-1: Called Strike
1-2: Foul Ball, location: 2F
1-2: SINGLE (Groundball, 34D, EV 87.5 MPH) (infield hit)
Batting: SHB Jason Hayes 0-0: Ball
1-0: Foul Ball, location: 2F
1-1: Ball
2-1: 2-RUN HOME RUN (Flyball, 7D, EV 92.5 MPH), Distance : 353 ft
Pitching: LHP Xu-gang Zhou
Batting: RHB Kevin Howard 0-0: Ball
1-0: Called Strike
1-1: Ball
2-1: Swinging Strike
2-2: Ball
3-2: Base on Balls
Batting: RHB Alex Rodriguez Jr. 0-0: Called Strike
0-1: Swinging Strike
0-2: Strikes out swinging
Batting: RHB Josh Hamilton 0-0: Called Strike
0-1: Swinging Strike
0-2: Strikes out swinging
Batting: LHB Bob Melley 0-0: Ball
1-0: Ball
2-0: Ball
3-0: Base on Balls
Kevin Howard to second
Batting: RHB Ruben Garza 0-0: Foul Ball, location: 2F
0-1: Foul Ball, location: 2F
0-2: Foul Ball, location: 2F
0-2: Strikes out swinging
Bottom of the 6th over - 2 runs, 2 hits, 0 errors, 2 left on base; New York 0 - Baltimore 5
TOP OF THE 7TH
New York Mets batting - Pitching for Baltimore Orioles : LHP Randy Johnson Jr.
Batting: SHB Jonathan Jenkins 0-0: Ball
1-0: Foul Ball, location: 2F
1-1: Ball
2-1: Ball
3-1: Called Strike
3-2: Foul Ball, location: 2F
3-2: Foul Ball, location: 2F
3-2: Foul Ball, location: 2F
3-2: Base on Balls
Pitching: LHP Bubba Fields
Batting: SHB Javy Rosa 0-0: Ball
1-0: SINGLE (Groundball, 4M, EV 104.4 MPH) (infield hit)
Jonathan Jenkins to second
Batting: SHB Gus Berry 0-0: Foul Ball, location: 2F
0-1: Ball
1-1: DOUBLE (Flyball, 8LXD, EV 100.0 MPH)
Jonathan Jenkins scores
Javy Rosa to third
Runner from 3rd tries for Home, SAFE, throw by CF to home
Batting: SHB Harry Hoop 0-0: Swinging Strike
0-1: Ball
1-1: Swinging Strike
1-2: Foul Ball, location: 2F
1-2: Ball
2-2: Strikes out swinging
Batting: RHB Melchor Sovrivilla 0-0: Ground out 3-1 (Groundball, 34S, EV 84.4 MPH)
Gus Berry to third
Batting: SHB Kaname Fujimoto 0-0: Called Strike
0-1: Fly out, F7 (Flyball, 7, EV 86.9 MPH)
Top of the 7th over - 2 runs, 2 hits, 0 errors, 1 left on base; New York 2 - Baltimore 5
BOTTOM OF THE 7TH
Baltimore Orioles batting - Pitching for New York Mets : LHP Xu-gang Zhou
Batting: RHB Andres Leon 0-0: Ball
1-0: Ball
2-0: Ground out 4-3 (Groundball, 4, EV 108.8 MPH)
Batting: RHB Marc Peckermark 0-0: Called Strike
0-1: Ball
1-1: Swinging Strike
1-2: Ball
2-2: Strikes out swinging, 2-3 out at first.
Batting: LHB Brad Pepin 0-0: Called Strike
0-1: Ball
1-1: Ball
2-1: Called Strike
2-2: Foul Ball, location: 2F
2-2: Strikes out swinging
Bottom of the 7th over - 0 runs, 0 hits, 0 errors, 0 left on base; New York 2 - Baltimore 5
TOP OF THE 8TH
New York Mets batting - Pitching for Baltimore Orioles : LHP Bubba Fields
Batting: SHB Scott Scott 0-0: Called Strike
0-1: Foul Ball, location: 2F
0-2: Strikes out looking
Batting: SHB Nelle van den Berg 0-0: Ground out 3-1 (Groundball, 34, EV 91.9 MPH)
Batting: SHB Sean Cook 0-0: Ball
1-0: Ball
2-0: Ball
3-0: Called Strike
3-1: Base on Balls
Batting: SHB Jonathan Jenkins 0-0: Ball
1-0: Called Strike
1-1: 2-RUN HOME RUN (Flyball, 78XD, EV 108.8 MPH), Distance : 446 ft
Pitching: RHP Joon-ho Rhee
Batting: SHB Javy Rosa 0-0: Ball
1-0: Ground out U3 (Groundball, 3, EV 102.5 MPH)
Top of the 8th over - 2 runs, 1 hit, 0 errors, 0 left on base; New York 4 - Baltimore 5
BOTTOM OF THE 8TH
Baltimore Orioles batting - Pitching for New York Mets : LHP Xu-gang Zhou
Pitching: RHP Ron Hawkins
Batting: SHB Jason Hayes 0-0: Ball
1-0: Ball
2-0: SINGLE (Groundball, 34D, EV 98.1 MPH)
Batting: RHB Kevin Howard 0-0: Ball
1-0: Ball
2-0: Called Strike
2-1: Ball
3-1: Foul Ball, location: 2F
3-2: Strikes out swinging
Jason Hayes is caught stealing 2nd base 2-4
Batter strikes out.
Batting: RHB Alex Rodriguez Jr. 0-0: Called Strike
0-1: Ball
1-1: Ball
2-1: Ball
3-1: Fly out, F9 (Flyball, 9LM, EV 73.8 MPH)
Bottom of the 8th over - 0 runs, 1 hit, 0 errors, 0 left on base; New York 4 - Baltimore 5
TOP OF THE 9TH
New York Mets batting - Pitching for Baltimore Orioles : RHP Joon-ho Rhee
Pitching: RHP Errol Dondale
Batting: SHB Gus Berry 0-0: Ball
1-0: Ground out U3 (Groundball, 34, EV 86.9 MPH)
Batting: SHB Harry Hoop 0-0: Foul Ball, location: 2F
0-1: Foul Ball, location: 2F
0-2: Ball
1-2: Foul Ball, location: 2F
1-2: Ball
2-2: Strikes out swinging
Pinch Hitting: SHB Lewis Thorpe Jr. 0-0: Ball
1-0: Ball
2-0: Ball
3-0: Base on Balls
Batting: SHB Kaname Fujimoto 0-0: Called Strike
0-1: Ball
1-1: SINGLE (Flyball, 78D, EV 91.9 MPH)
Lewis Thorpe Jr. to second
Batting: SHB Scott Scott 0-0: SINGLE (Line Drive, 8RS, EV 100.6 MPH)
Lewis Thorpe Jr. to third
Kaname Fujimoto to second
Runner from 3rd tries for Home, SAFE, throw by CF to home
Batting: SHB Nelle van den Berg 0-0: Ball
1-0: Foul Ball, location: 2F
1-1: Foul Ball, location: 2F
1-2: Foul Ball, location: 2F
1-2: Fly out, F7 (Flyball, 7S, EV 91.2 MPH)
Top of the 9th over - 1 run, 2 hits, 0 errors, 2 left on base; New York 5 - Baltimore 5
BOTTOM OF THE 9TH
Baltimore Orioles batting - Pitching for New York Mets : RHP Ron Hawkins
Pitching: LHP Sam Schrecengost
Now at 1B: Lewis Thorpe Jr.
Now at 3B: Scott Scott
Batting: RHB Josh Hamilton 0-0: Ball
1-0: Called Strike
1-1: Swinging Strike
1-2: SINGLE (Line Drive, 34D, EV 98.1 MPH)
Pinch Hitting: RHB Saimei Kudo 0-0: Sac Bunt to P - play at first, batter OUT! 1-4
Josh Hamilton to second
Batting: RHB Ruben Garza 0-0: DOUBLE (Line Drive, 89D, EV 104.4 MPH)
Josh Hamilton scores
Bottom of the 9th over - 1 run, 2 hits, 0 errors, 0 left on base; New York 5 - Baltimore 6
Game Over ... Baltimore defeats New York, 6 to 5
Thursday, March 31st , 2022 - OOTP Baseball 22.12 Build 89